Zazza, neutral female human Tourist @ Zazza the Peregrinatrix Experience level: 10 Strength: 18/60 Dexterity: 16 Constitution: 18 Intelligence: 11 Wisdom: 8 Charisma: 18 Health: 0(106) Energy: 48(48) Def: 7 Gold: 0 Moves: 33093 Dungeon seed: TP5ji3O1nSHG_mH8 Game ID: Zazza_1619506196 Your Inventory: Armor e - an uncursed rustproof +0 helm of brilliance (being worn) q - an uncursed +0 pair of leather gloves (being worn) r - an uncursed +0 elven cloak (being worn) y - an uncursed +0 set of red dragon scales (being worn) P - an uncursed +0 pair of kicking boots (being worn) Tools b - a tinning kit (0:7) s - an uncursed stethoscope t - an uncursed towel w - an uncursed magic whistle z - an uncursed bag of holding H - a frost horn (0:0) M - an uncursed magic lamp Gems Z - an uncursed luckstone Contents of the bag of holding: 1635 gold pieces a +0 elven broadsword a +0 glaive a blessed +0 scimitar a blessed +1 cloak of protection an uncursed +0 elven cloak an uncursed +0 elven cloak a cursed +0 elven cloak an uncursed +0 elven shield an uncursed +0 mummy wrapping an uncursed +0 pair of elven boots an uncursed +0 robe 3 uncursed food rations an uncursed lizard corpse an uncursed tin of Grey-elf meat an uncursed tin of dog meat an uncursed tin of elf-lord meat an uncursed tin of rock troll meat an uncursed tin of silver dragon meat 2 uncursed tins of troll meat an uncursed tin of white dragon meat 3 uncursed tripe rations an uncursed scroll of enchant weapon an uncursed scroll of remove curse 2 blessed scrolls of teleportation a blessed spellbook of levitation 2 uncursed potions of extra healing an uncursed potion of healing an uncursed potion of invisibility an uncursed ring of cold resistance a cursed ring of cold resistance a blessed +1 ring of increase accuracy a cursed ring of regeneration a wand of create monster (0:11) a wand of death (0:3) a wand of lightning (0:2) a wand of magic missile (0:6) a wand of magic missile (0:0) a wand of teleportation (0:4) a wand of teleportation (0:4) a wand of teleportation (0:3) a magic marker (0:97) a magic marker (0:70) a magic marker (0:54) a magic marker (0:40) a +0 pick-axe a cursed skeleton key a +0 unicorn horn a +0 unicorn horn 3 uncursed fluorite stones 3 uncursed garnet stones 3 uncursed jet stones an uncursed luckstone 3 uncursed opals an uncursed touchstone 3 uncursed worthless pieces of black glass 3 uncursed worthless pieces of blue glass 4 uncursed worthless pieces of green glass 4 uncursed worthless pieces of orange glass 8 uncursed worthless pieces of white glass 8 uncursed worthless pieces of yellowish brown glass Spells and supernatural/magical abilities: Name Level Category Fail Memory d - dig 5 matter 100% 58% h - healing 1 healing 44% 93% i - invisibility 4 escape 100% 93% k - knock 1 matter 38% 93% n - detect monsters 1 divination 38% 93% p - protection 1 clerical 38% 93% E - detect food 2 divination 55% 93% H - haste self 3 escape 100% 93% I - identify 3 divination 100% 93% T - turn undead 6 clerical 100% 93% W - pray for help -- divine ? -- Your skills at the end: Fighting Skills Weapon Skills dagger [Skilled] dart [Basic] unicorn horn [Skilled] Spellcasting Skills Final Attributes: You were piously aligned. You were fire resistant. You were cold resistant. You were sleep resistant. You were poison resistant. You saw invisible. You were telepathic. You had automatic searching. You were invisible to others. You were stealthy. You were swallowed by an energy vortex. You were protected. You were fast. You were lucky. You had extra luck. Bad luck did not time out for you. Good luck did not time out for you. The Lady was angry with you. You are dead. Vanquished creatures: a mastodon a silver dragon a red dragon a white dragon a stone golem a titanothere a shopkeeper a lich a lurker above 4 frost giants 2 vampires 2 ghosts a queen bee 2 giant mimics a zruty a fire giant 2 rock trolls a doppelganger 4 large mimics 2 wumpuses a baby purple worm a long worm 2 couatls 3 stalkers a giant mummy a black naga a giant zombie 3 elf-lords 2 sergeants 3 winter wolves 6 small mimics 4 xans an ettin mummy 3 quantum mechanics 4 trolls a wood golem 2 large dogs 2 freezing spheres 3 flaming spheres a gargoyle a dwarf king 3 tengu an ochre jelly a leocrotta a mountain centaur 5 stone giants 2 human mummies a red naga 3 pit vipers 3 ettin zombies 3 Grey-elves 2 soldiers an incubus 2 chameleons a crocodile 2 giant beetles 2 wolves 2 winter wolf cubs a panther a gremlin 2 spotted jellies 3 leprechauns 3 orc-captains 2 mumakil 4 giant spiders 3 horses an ice vortex a black light 2 vampire bats 3 forest centaurs 4 gnome kings 5 orc mummies 2 dwarf mummies an ogre 2 brown puddings 3 rust monsters 7 owlbears a yeti 3 gold golems a werewolf 2 lizards a chickatrice 2 dogs 2 dingos 2 housecats 2 jaguars 5 dwarf lords 4 blue jellies 3 white unicorns 2 dust vortices a raven a plains centaur 3 gnome mummies 6 snakes an ape 4 human zombies 2 rope golems a Woodland-elf 10 soldier ants 2 fire ants 6 bugbears 5 imps 3 quasits 3 wood nymphs 2 water nymphs a mountain nymph a Mordor orc 3 Uruk-hai an orc shaman 2 rock piercers a rock mole 4 ponies 8 fog clouds 5 yellow lights 9 shriekers a violet fungus 16 gnome lords 8 gnomish wizards 5 kobold mummies 3 black naga hatchlings a golden naga hatchling 4 gray oozes a barrow wight 7 elf zombies 4 ghouls 2 straw golems 4 paper golems a baby crocodile 21 giant ants a little dog 10 floating eyes 2 kittens 26 dwarves 3 homunculi 2 kobold lords 3 kobold shamans 14 hill orcs 15 rothes a rabid rat 5 centipedes 3 giant bats 3 monkeys 2 orc zombies 4 dwarf zombies 3 wererats 3 werejackals 12 iguanas 29 killer bees 7 acid blobs 7 coyotes 4 gas spores 19 hobbits 11 manes 10 large kobolds 21 hobgoblins 10 giant rats 14 cave spiders 4 brown molds 8 yellow molds a green mold 2 red molds 69 gnomes 21 garter snakes 3 gnome zombies 9 geckos 18 jackals 9 foxes 3 kobolds 7 goblins 2 sewer rats 10 grid bugs 7 bats 8 lichens 5 kobold zombies 19 newts 804 creatures vanquished. Voluntary challenges: You used a wielded weapon 1270 times, starting on turn 1986. You had been a pacifist until turn 1986. You read items or engraved 170 times, starting on turn 1132. You never genocided any monsters. You never polymorphed an object. You changed form 1 time, starting on turn 28546. You used no wishes. You never split a pudding. You wrote Elbereth's name 22 times, starting on turn 2623. You violated your moral code, losing 84 points of alignment, starting on turn 6998. Dungeon overview: The Dungeons of Doom: levels 1 to 24 Level 1 a long staircase Level 2 stairs to The Gnomish Mines Level 3 a hardware shop, a fountain, a sink Level 4 some fountains, a sink Level 5 some fountains, a sink Level 6 an armor shop, a fountain Level 7 many fountains Level 8 stairs to Sokoban Level 9 (polymorph trp) a weapon shop, a fountain Level 10 an altar to The Lady, a fountain Level 11 (Temple) some altars to Blind Io, The Lady, and Offler, some fountains, a sink Level 12 a fountain Level 13 a fountain Level 14 (unicorn) an armor shop portal to The Quest Level 15 some fountains Level 16 (Temple & Unicorn) some altars to The Lady and Offler, some fountains Level 17 an altar to Blind Io Level 18 Level 19 an altar to Blind Io, a sink Level 20 a fountain Level 21 a fountain Level 22 <- You were here Level 23 Level 24 (Medusa) The Gnomish Mines: levels 3 to 11 Level 3 stairs to The Dungeons of Doom Level 4 Level 5 Level 6 many shops, a temple to Offler, some fountains Level 7 Level 8 Level 9 Level 10 Level 11 some fountains The Quest: Level 1 portal to The Dungeons of Doom Sokoban: levels 4 to 7 Level 4 Level 5 Level 6 Level 7 stairs to The Dungeons of Doom History has recorded: On T:1 you entered the Dungeons of Doom to retrieve the Amulet of Yendor! On T:284 you reached level 2 of The Dungeons of Doom. On T:428 you reached level 3 of The Dungeons of Doom. On T:877 you reached level 1 of The Gnomish Mines. On T:1629 you reached level 4 of The Dungeons of Doom. On T:1914 you reached level 5 of The Dungeons of Doom. On T:2919 you reached level 6 of The Dungeons of Doom. On T:3845 you reached level 7 of The Dungeons of Doom. On T:4502 you advanced to experience level 2. On T:4961 you reached level 2 of The Gnomish Mines. On T:5348 you reached level 3 of The Gnomish Mines. On T:5403 you reached level 4 of The Gnomish Mines. On T:8286 you reached level 8 of The Dungeons of Doom. On T:8878 you reached level 9 of The Dungeons of Doom. On T:9931 you advanced to experience level 3. On T:10088 you advanced to experience level 4. On T:10572 you advanced to experience level 5. On T:10726 you reached level 4 of Sokoban. On T:11266 you advanced to experience level 6. On T:12817 you advanced to experience level 7. On T:12999 you reached level 3 of Sokoban. On T:14079 you reached level 2 of Sokoban. On T:14834 you reached level 1 of Sokoban. On T:15448 you advanced to experience level 8. On T:17067 you reached level 10 of The Dungeons of Doom. On T:17349 you reached level 11 of The Dungeons of Doom. On T:17676 you reached level 12 of The Dungeons of Doom. On T:18265 you reached level 13 of The Dungeons of Doom. On T:18327 you reached level 14 of The Dungeons of Doom. On T:18453 you advanced to experience level 9. On T:18464 you reached level 1 of The Quest. On T:20542 you reached level 15 of The Dungeons of Doom. On T:21099 you reached level 16 of The Dungeons of Doom. On T:21151 you reached level 19 of The Dungeons of Doom. On T:21172 you reached level 18 of The Dungeons of Doom. On T:21321 you reached level 17 of The Dungeons of Doom. On T:22708 you advanced to experience level 10. On T:22817 you reached level 20 of The Dungeons of Doom. On T:23092 you reached level 21 of The Dungeons of Doom. On T:23375 you reached level 22 of The Dungeons of Doom. On T:23631 you reached level 23 of The Dungeons of Doom. On T:23659 you reached level 24 of The Dungeons of Doom. On T:27415 you reached level 5 of The Gnomish Mines. On T:27833 you reached level 6 of The Gnomish Mines. On T:28161 you reached level 7 of The Gnomish Mines. On T:28510 you reached level 8 of The Gnomish Mines. On T:29213 you reached level 9 of The Gnomish Mines. On T:29217 you advanced to experience level 11. Score breakdown: Gold: 754 ( 9789 points) Experience: 10 levels (16712 points) Exploration: 24 levels ( 51.06%) (21213 points) Discoveries: 109 items ( 36.58%) (18143 points) Valuables value: (no points given unless you survive) Artifact value: 0 ( 0 points) Variety of kills: 175 monsters ( 45.93%) (20331 points) Turncount: 33093 turns (-4146 points) Survival: died (score multiplied by 80%) Total score: 65633 Latest messages: You finish eating the lump of royal jelly. The air around you crackles with electricity. This lump of royal jelly is delicious! You finish eating the lump of royal jelly. This lump of royal jelly is delicious! You finish eating the lump of royal jelly. You don't have anything to eat. You don't have that object. Never mind. You hit the energy vortex! You are jolted with electricity! You get expelled! The energy vortex engulfs you! You hit the energy vortex! You are jolted with electricity! The air around you crackles with electricity. You die... Final status: Aloha Zazza the Tourist, killed by an energy vortex... You died in The Dungeons of Doom on dungeon level 22 with 65633 points, and 1635 pieces of gold, after 33093 moves. You were level 10 with a maximum of 106 hit points when you died.